 Dungeon Crawl Stone Soup version bcrawl-1.21.3-16-g7f46a08de7 (webtiles) character file.

Game seed: 2050941184721856258

148 Pixllover the Chopper (level 5, 0/47 HPs)
             Began as a Minotaur Berserker on May 5, 2020.
             Was a Believer of Trog.
             Succumbed to a worker ant's poison
             ... on level 3 of the Dungeon.
             The game lasted 00:05:01 (1947 turns).

Pixllover the Chopper (Minotaur Berserker)          Turns: 1947, Time: 00:05:01

Health: 0/47       AC:  6    Str: 23    XL:     5   Next: 8%
Magic:  4/4        EV: 11    Int:  4    God:    Trog [**....]
Gold:   155        SH:  0    Dex:  9    Spells: 4/4 levels left

rFire    . . .     SeeInvis .   a - +1 hand axe
rCold    . . .     Gourm    .   (no shield)
rNeg     . . .     Faith    .   d - +0 ring mail
rPois    .         Spirit   .   (helmet restricted)
rElec    .         Reflect  .   o - +0 cloak
rCorr    +         Harm     .   (no gloves)
MR       .....                  (no boots)
Stlth    ..........             (no amulet)
HPRegen  0.15/turn              g - ring of resist corrosion
MPRegen  0.09/turn              (no ring)

@: lethally poisoned (0 -> -5), swift, berserk cooldown, flying, hasted and
slowed, quick
A: retaliatory headbutt, horns 2
a: Berserk, Trog's Hand, Renounce Religion


You were on level 3 of the Dungeon.
You worshipped Trog.
Trog was pleased with you.
You were very hungry.

You visited 1 branch of the dungeon, and saw 3 of its levels.

You collected 155 gold pieces.

Inventory:

Hand Weapons
 a - a +1 hand axe (weapon)
Missiles
 i - 42 tomahawks (quivered)
Armour
 d - a +0 ring mail (worn)
 o - a +0 cloak (worn)
Jewellery
 g - a ring of resist corrosion (left hand)
 k - an uncursed ring of positive energy
 l - an uncursed ring of magical power {unknown}
 q - an uncursed ring of protection from fire
Scrolls
 n - a scroll of teleportation
Potions
 b - a potion of brilliance {unknown}
Comestibles
 e - 4 rations {!d}
 p - 11 chunks of flesh


   Skills:
 + Level 4.5 Fighting
 + Level 5.5 Axes
 + Level 3.5 Armour
 + Level 2.6 Dodging
 + Level 0.2 Stealth


You had 4 spell levels left.
You didn't know any spells.
Your spell library was empty.

Dungeon Overview and Level Annotations

Branches:
Dungeon (3/12)

Altars:
Cheibriados
Yredelemnul


Innate Abilities, Weirdness & Mutations

You reflexively headbutt those who attack you in melee.
You have a pair of horns on your head.


Message History

You feel sick. The worm bites you.
* * * LOW HITPOINT WARNING * * *
You slash the worm!
You kill the worm!
Trog accepts your kill.
* * * LOW HITPOINT WARNING * * *
You feel sick.
You see here a worm corpse.
You are too berserk!
You feel a strong urge to attack something.
A jackal comes into view.
You feel your anger nearly subside.
A jackal comes into view.
You hear the slow rusting of a distant drain.
You are no longer berserk.
You are exhausted.
You feel yourself slow down.
* * * LOW HITPOINT WARNING * * *
You feel sick.
You die...

#...(### # .#####
#.#))# # ..#..
...#)†##### #.#.. ###
#))..... ##....###
#.###.## .......## #.#
#.# ##.##...## #.# #.#
#!..<....# ##.# #.#
..#@.....# #..# #.#
#......†.###.## #.#
#.h......†....###.#
..h.?...............#
#.#....##.#.###..#####
# #.#$.##.#....<.#
#.#........#...#
#.##.##.##.#...# ..
.....#


You could see 2 jackals.

Vanquished Creatures
  Terence (D:3)
  A worker ant (D:3)
  Robin (D:3)
  An adder (D:2)
  An ooze (D:3)
  An adder skeleton (D:3)
  6 worms
  2 leopard geckos (D:1)
  2 orcs
  5 bats
  8 hobgoblins
  3 frilled lizards
  13 goblins
  3 kobolds
  6 rats
54 creatures vanquished.

Notes
Turn   | Place    | Note
-------+----------+-------------------------------------------
     0 | D:1      | Pixllover the Minotaur Berserker began the quest for the
                  | Orb.
     0 | D:1      | Reached XP level 1. HP: 19/19 MP: 0/0
   192 | D:1      | Reached XP level 2. HP: 27/27 MP: 1/1
   280 | D:1      | Found a basalt altar of Yredelemnul.
   362 | D:1      | Reached skill level 4 in Axes
  1115 | D:2      | Reached XP level 3. HP: 33/33 MP: 2/2
  1327 | D:2      | Found a snail-covered altar of Cheibriados.
  1409 | D:2      | Reached ** piety under Trog
  1837 | D:3      | Noticed Robin
  1845 | D:3      | Noticed Terence
  1846 | D:3      | Killed Robin
  1846 | D:3      | Reached XP level 4. HP: 33/41 MP: 3/3
  1864 | D:3      | Killed Terence
  1864 | D:3      | Reached skill level 5 in Axes
  1939 | D:3      | Reached XP level 5. HP: 8/47 MP: 4/4
  1942 | D:3      | HP: 3/70 [poisoned by a worker ant]
  1945 | D:3      | HP: 1/47 [poisoned by a worker ant]
  1947 | D:3      | Succumbed to a worker ant's poison

Skill      XL: |  1  2  3  4 |
---------------+-------------+-----
Fighting       | 4 |  4.5
Axes           | 4 5 |  5.5
Armour         | 3 |  3.5
Dodging        | |  2.6
Stealth        | |  0.2

Action                   |  1- 3 |  4- 6 || total
-------------------------+-------+-------++-------
Melee: Hand axe          |    85 |    37 ||   122
       Headbutt          |    11 |     5 ||    16
Invok: Berserk           |       |     1 ||     1
  Use: Scroll            |     6 |       ||     6
       Potion            |     1 |     4 ||     5
 Stab: Invisible         |       |     1 ||     1
  Eat: Chunk             |     3 |       ||     3
Armor: Ring mail         |    37 |    10 ||    47
       Animal skin       |     2 |       ||     2
Dodge: Dodged            |    55 |    16 ||    71
